 Dungeon Crawl Stone Soup version 0.28.0-45-g0d030f2227 (webtiles) character file.

Game seed: 5559485050284344782

41 NinjaNoafa the Grasshopper (level 3, -10/30 HPs)
             Began as a Ghoul Warper on Apr 2, 2022.
             Mangled by an iguana (12 damage)
             ... on level 2 of the Dungeon.
             The game lasted 00:09:22 (2075 turns).

NinjaNoafa the Grasshopper (Ghoul Warper)           Turns: 2075, Time: 00:09:23

Health: -10/30     AC:  3    Str: 14    XL:     3   Next: 52%
Magic:  5/5        EV: 11    Int: 10    God:
Gold:   84         SH:  0    Dex:  8    Spells: 6/6 levels left

rFire   . . .      SeeInvis .     - Unarmed
rCold   + . .      Faith    .   (no shield)
rNeg    + + +      Spirit   .   a - +0 leather armour
rPois   ∞          Reflect  .   (no helmet)
rElec   .          Harm     .   (no cloak)
rCorr   .          Rampage  .   (no gloves)
Will    .....                   (no boots)
Stlth   +.........              (no amulet)
HPRegen 0.00/turn               k - +4 ring of slaying
MPRegen 0.09/turn               (no ring)

@: inhibited regen
A: claws 1, cold resistance 1, negative energy resistance 3, inhibited
regeneration, torment resistance 2
a: no special abilities


You were on level 2 of the Dungeon.
You visited 1 branch of the dungeon, and saw 2 of its levels.

You collected 84 gold pieces.

Inventory:

Hand Weapons
 e - a +0 hunting sling
 h - a +0 short sword
Missiles
 c - 2 boomerangs of dispersal
 f - 43 stones
 g - 2 poisoned darts (quivered)
Armour
 a - a +0 leather armour (worn)
Jewellery
 k - a +4 ring of slaying (left claw)
Scrolls
 d - 2 scrolls of identify {unknown}
 j - 2 scrolls of enchant weapon {unknown}


   Skills:
 + Level 2.5 Fighting
 - Level 1.0 Throwing
 - Level 1.1 Armour
 + Level 2.2 Dodging
 + Level 1.4 Stealth
 + Level 2.5 Unarmed Combat
 * Level 2.0 Spellcasting
 * Level 2.8 Translocations


You had 6 spell levels left.
You didn't know any spells.
Your spell library contained the following spells:

 Spells                   Type           Power      Damage    Failure   Level
 Blink                    Tloc           12%        N/A       19%         2
 Gell's Gravitas          Tloc           6%         N/A       34%         3
 Lesser Beckoning         Tloc           6%         N/A       34%         3
 Teleport Other           Tloc           6%         N/A       34%         3
 Manifold Assault         Tloc           6%         N/A       97%         5


Dungeon Overview and Level Annotations

Branches:
Dungeon (2/15)

Altars:


Innate Abilities, Weirdness & Mutations

You thrive by killing the living.
You are immune to poison.
You have sharp fingernails.
Your flesh is cold resistant. (rC+)
You are immune to negative energy. (rN+++)
You do not regenerate when monsters are visible.
You are immune to unholy pain and torment.


Message History

You throw a poisoned dart.
The poisoned dart closely misses the iguana.
The iguana barely misses you.
You barely miss the iguana. Your claw misses the iguana.
The iguana is moderately wounded.
The iguana bites you but does no damage.
The dart slug bites you but does no damage.
The iguana closely misses you.
You scratch the dart slug.
The dart slug is heavily wounded.
The iguana barely misses you.
You claw the dart slug!
You kill the dart slug!
The iguana bites you.
The iguana bites you but does no damage.
Things that are here:
a poisoned dart; a dart slug corpse
g - 3 poisoned darts (gained 1)
The iguana misses you.
Throw: 3 darts (poison)
Press: ? - help, Q - select action, (/) - cycle Shift-Dir - straight line, f/p - iguana
Aim: an iguana (moderately wounded, 64% to hit)
You throw a poisoned dart.
The poisoned dart closely misses the iguana.
The iguana bites you.
Throw: 2 darts (poison)
Press: ? - help, Q - select action, (/) - cycle Shift-Dir - straight line, f/p - iguana
Aim: an iguana (moderately wounded, 64% to hit)
You throw a poisoned dart. The poisoned dart hits the iguana.
The iguana is moderately wounded.
The iguana closely misses you.
You scratch the iguana.
The iguana is heavily wounded.
The iguana bites you.
You see here a poisoned dart.
g - 2 poisoned darts (gained 1)
The iguana bites you!
* * * LOW HITPOINT WARNING * * *
The iguana bites you!
You die...

#..........................
###...................)....
#...........#............
#......†.................
####.......................
###........(.................
#............................
####.......#..l.................
##..<...........@..(.............
...........................####..
..............######....†<.# ##
..............# #.......#
............### #.......#
............# #.......#
######.....## ######### ##...##
#####


You could see an iguana.

Vanquished Creatures
  3 dart slugs
  2 ball pythons
  An endoplasm (D:2)
  A goblin (D:1)
  7 hobgoblins
  2 jackals (D:1)
  3 kobolds (D:1)
  3 quokkas (D:2)
  3 bats
  3 frilled lizards
  3 rats
31 creatures vanquished.

Notes
Turn   | Place    | Note
-------+----------+-------------------------------------------
     0 | D:1      | NinjaNoafa the Ghoul Warper began the quest for the Orb.
     0 | D:1      | Reached XP level 1. HP: 17/17 MP: 2/2
   129 | D:1      | Reached skill level 1 in Throwing
   129 | D:1      | Reached skill level 1 in Armour
   227 | D:1      | Reached XP level 2. HP: 24/24 MP: 3/3
   929 | D:1      | Reached skill level 1 in Stealth
  1224 | D:1      | Reached XP level 3. HP: 30/30 MP: 4/4
  1709 | D:2      | HP: 1/30 [iguana (11)]
  2075 | D:2      | Mangled by an iguana

Illustrated notes

Levels and vault maps discovered:
D:1:      dpeg_arrival_rooms_a, layout_loops_corners
D:2:      layout_rooms

Skill      XL: |  1  2  3 |
---------------+----------+-----
Throwing       | 1 |  1.0
Armour         | 1 |  1.1
Dodging        | 2 |  2.2
Stealth        | 1 |  1.4
Spellcasting   | 2 |  2.0
Fighting       | |  2.5
Unarmed Combat | |  2.5
Translocations | |  2.8

Action                   || total
-------------------------++-------
Melee: Unarmed           ||    71
       Punch             ||     3
Throw: Boomerang         ||     3
       Dart              ||     5
       Stone             ||     5
  Use: Potion            ||     3
       Scroll            ||     1
Armor: Leather armour    ||    21
Dodge: Dodged            ||    44
